 Dungeon Crawl Stone Soup version 0.27.1-3-gb3d3a73c9e (webtiles) character file.

Game seed: 15356299912204414785

132 Atelerd the Digger (level 5, -2/31 HPs)
             Began as an Octopode Earth Elementalist on Oct 31, 2021.
             Slain by a goblin (3 damage)
             ... led by Robin
             ... on level 3 of the Dungeon.
             The game lasted 00:03:15 (3323 turns).

Atelerd the Digger (Octopode Earth Elementalist)    Turns: 3323, Time: 00:03:16

Health: -2/31      AC:  1    Str:  8    XL:     5   Next: 15%
Magic:  4/9        EV: 13    Int: 18    God:
Gold:   44         SH:  0    Dex: 12    Spells: 9/10 levels left

rFire    . . .     SeeInvis .   i - +3 dagger
rCold    . . .     Faith    .   (no shield)
rNeg     . . .     Spirit   .   (helmet restricted)
rPois    .         Reflect  .   (no amulet)
rElec    .         Harm     .   (no ring)
rCorr    .         Rampage  .   (no ring)
Will     .....                  (no ring)
Stlth    +++.......             (no ring)
HPRegen  0.10/turn              (no ring)
MPRegen  0.11/turn              (no ring)
                                (no ring)
                                (no ring)

@: mighty, brilliant
A: almost no armour, amphibious, 8 rings, camouflage 1, gelatinous body 1,
(nimble swimmer 1), tentacles
a: no special abilities


You were on level 3 of the Dungeon.
You visited 1 branch of the dungeon, and saw 3 of its levels.

You collected 100 gold pieces.
You spent 56 gold pieces at shops.

Inventory:

Hand Weapons
 d - a +0 dagger
 i - a +3 dagger (weapon)
Missiles
 b - 43 stones
Scrolls
 a - a scroll of amnesia
 c - a scroll of immolation
 f - a scroll of enchant armour
 h - a scroll of teleportation
Potions
 g - 2 potions of brilliance
 j - a potion of haste {unknown}


   Skills:
 - Level 2.1 Dodging
 - Level 2.8 Stealth
 + Level 3.0 Spellcasting
 + Level 2.5 Transmutations
 + Level 4.2 Earth Magic


You had 9 spell levels left.
You knew the following spells:

 Your Spells              Type           Power      Damage    Failure   Level
a - Sandblast             Erth           52%        2d12      3%          1

Your spell library contained the following spells:

 Spells                   Type           Power      Damage    Failure   Level
 Passwall                 Tmut/Erth      18%        N/A       6%          2
 Stone Arrow              Conj/Erth      30%        3d8       21%         3
 Petrify                  Tmut/Erth      22%        N/A       38%         4


Dungeon Overview and Level Annotations

Branches:
Dungeon (3/15)

Altars:

Shops:
D:1 ?   D:2 (

Annotations:
D:3 Robin


Innate Abilities, Weirdness & Mutations

You cannot wear most types of armour.
You are amphibious.
You can wear up to eight rings at the same time.
Your skin changes colour to match your surroundings (Stealth+).
Your rubbery body absorbs attacks. (AC +1, EV +1)
((You are camouflaged near water. (Stealth+)))
You have tentacles for arms and can constrict up to eight enemies at once.


Message History

Aiming: Sandblast (safe; 3% risk of failure)
Press: ? - help, Shift-Dir - straight line, f/p - jackal
Aim: a jackal (moderately wounded, 74% to hit)
The blast of sand misses the jackal.
The jackal completely misses you. The jackal misses you.
Casting: Sandblast (safe; 3% risk of failure)
Confirm with . or Enter, or press ? or * to list all spells.
Aiming: Sandblast (safe; 3% risk of failure)
Press: ? - help, Shift-Dir - straight line, f/p - jackal
Aim: a jackal (moderately wounded, 74% to hit)
The blast of sand misses the jackal.
The blast of sand hits the goblin!
You kill the goblin!
The jackal barely misses you.
Robin roars a battlecry!
The goblins go into a battle-frenzy!
You hear a shout! x3
Casting: Sandblast (safe; 3% risk of failure)
Confirm with . or Enter, or press ? or * to list all spells.
Aiming: Sandblast (safe; 3% risk of failure)
Press: ? - help, Shift-Dir - straight line, f/p - jackal
Aim: a jackal (moderately wounded, 74% to hit)
The blast of sand hits the jackal!
You kill the jackal!
Robin throws the goblin at you!
* * * LOW HITPOINT WARNING * * *
The goblin misses you. Robin throws the goblin at you!
* * * LOW HITPOINT WARNING * * *
The goblin unwields a +0 hunting sling.
The goblin wields a +0 club.
The goblin hits you with a +0 club.
* * * LOW HITPOINT WARNING * * *
It was a potion of brilliance.
You feel clever all of a sudden. The goblin closely misses you.
The goblin misses you.
A hobgoblin comes into view.
Robin roars a battlecry!
You hear a shout!
It was a potion of might.
You feel very mighty all of a sudden. The goblin hits you with a +0 dagger.
You die...

#..............†............
#...)..........##...g......
##..###...[.....##...†......
#........##.....##..........
####........##........g........
##.........#.###.####.g.....g...
#..........#.# #.....).###......
..#####....#.###gg......# #.####
..# #.†.......@g.......# .g> .##
#..................# ... .#
#..................# ..g .#
#..................#
.##########..............#
....... ...(...........##
.###### #######......... .#
#........ .#


You could see Robin, a hobgoblin (wandering, strong) and 3 goblins.

Vanquished Creatures
  4 gnolls
  2 adders (D:2)
  2 dart slugs
  10 bats
  6 endoplasms
  2 giant cockroaches
  6 goblins
  3 hobgoblins
  7 jackals
  2 quokkas
  6 ball pythons
  4 frilled lizards
  9 kobolds
  7 rats
70 creatures vanquished.

Notes
Turn   | Place    | Note
-------+----------+-------------------------------------------
     0 | D:1      | Atelerd the Octopode Earth Elementalist began the quest for
                  | the Orb.
     0 | D:1      | Reached XP level 1. HP: 11/11 MP: 3/3
   161 | D:1      | Reached XP level 2. HP: 4/17 MP: 0/5
   763 | D:1      | Reached XP level 3. HP: 21/21 MP: 6/6
  1133 | D:1      | Found Zehad's Magic Scroll Shop.
  1668 | D:1      | Found a faded altar of an unknown god.
  2258 | D:2      | Reached XP level 4. HP: 25/27 MP: 7/7
  2465 | D:1      | Bought a scroll of identify for 28 gold pieces
  2465 | D:1      | Bought a scroll of identify for 28 gold pieces
  2760 | D:2      | Reached skill level 4 in Earth Magic
  2907 | D:2      | Found Ipahoerr's Antique Weapon Shoppe.
  3097 | D:2      | Reached XP level 5. HP: 25/31 MP: 9/9
  3308 | D:3      | Noticed Robin
  3321 | D:3      | HP: 1/31 [goblin (5)]
  3323 | D:3      | Slain by a goblin

Illustrated notes

Levels and vault maps discovered:
D:1:      scummos_arrival_simple_crosswalls, layout_basic, serial_shops,
          nicolae_shop_waterfront, shapermc_ecumenical_altar_mp_urbaneastern
D:2:      layout_loops_ring, serial_shops, shop, guppyfry_early_lair_pool
D:3:      layout_rooms, serial_shops, shop, bh_walls_and_bars, uniq_robin

Skill      XL: |  1  2  3  4 |
---------------+-------------+-----
Transmutations | 2 |  2.5
Earth Magic    | 4 |  4.2
Spellcasting   | 3 |  3.0
Dodging        | |  2.1
Stealth        | |  2.8

Action                   |  1- 3 |  4- 6 || total
-------------------------+-------+-------++-------
Melee: Unarmed           |     9 |       ||     9
       Constrict         |    22 |    10 ||    32
       Tentacles         |    13 |     6 ||    19
       Dagger            |    61 |    34 ||    95
 Cast: Sandblast         |    29 |    16 ||    45
  Use: Scroll            |       |     4 ||     4
       Potion            |       |     2 ||     2
 Stab: Sleeping          |     5 |     3 ||     8
Armor: Skin              |     6 |     5 ||    11
Dodge: Dodged            |    65 |    34 ||    99
